Map: Ruins of Endion

Players

FireStorm

  • Race: Protoss Protoss
  • League: Master

Pokebunny - Winner!

  • Race: Terran Terran
  • League: Grandmaster

VOD

Have the link to the VOD?

Description

Time

  • Played on: April 4, 2016, 9:28 p.m.
  • Length: 7:25
Show
View Real Time Build Order
Export as new Build Order

FireStorm Protoss 

Build Orders: Dark Templar Rush 

Get SALT Encoding   

  12  0:01  Probe (Chrono Boost)  
  13  0:11  Probe (Chrono Boost)  
  14  0:19  Pylon  
  14  0:23  Probe (Chrono Boost)  
  15  0:37  Gateway, Probe (Chrono Boost)  
  16  0:48  Probe (Chrono Boost)  
  17  0:53  Gateway  
  17  0:58  Probe (Chrono Boost)  
  17  1:02  Assimilator  
  18  1:09  Probe (Chrono Boost)  
  19  1:13  Assimilator  
  19  1:19  Probe (Chrono Boost)  
  19  1:25  Cybernetics Core  
  20  1:30  Probe (Chrono Boost)  
  21  1:41  Pylon, Probe (Chrono Boost)  
  22  1:51  Probe (Chrono Boost)  
  23  2:02  Mothership Core (Chrono Boost)  
  23  2:04  Stalker  
  27  2:11  Stalker  
  29  2:18  Pylon  
  29  2:25  Probe (Chrono Boost)  
  30  2:32  Robotics Facility  
  29  2:42  Probe (Chrono Boost)  
  28  2:49  Warp Gate (Chrono Boost)  
  28  2:52  Probe  
  29  3:00  Twilight Council  
  29  3:04  Probe  
  30  3:16  Probe  
  31  3:29  Warp Prism (Chrono Boost), Probe  
  34  3:40  Dark Shrine  
  34  3:41  Probe  
  35  3:53  Probe  
  36  3:58  Gateway x2  
  36  4:04  Gateway  
  36  4:15  Pylon  
  36  4:19  Pylon  
  36  4:23  Observer (Chrono Boost)  
  37  4:53  Dark Templar x2  
  37  5:17  Charge  
  37  5:27  Nexus  
  37  5:29  Dark Templar, Pylon  
  37  5:31  Zealot x2  
  37  5:33  Probe  
  44  5:45  Probe  
  45  5:57  Probe  
  45  6:03  Warp Prism (Chrono Boost)  
  42  6:09  Dark Templar  
  42  6:10  Probe  
  43  6:13  Dark Templar  
  45  6:19  Assimilator  
  45  6:22  Probe  
  46  6:28  Zealot  
  46  6:29  Zealot  
  50  6:34  Probe  
  51  6:42  Dark Templar  
  51  6:46  Probe  
  52  6:58  Dark Templar, Probe  
  52  6:59  Zealot x3  
  53  7:06  Probe  
  54  7:10  Probe  
  50  7:16  Dark Templar  
Show
View Real Time Build Order
Export as new Build Order

Pokebunny Terran - Winner!

Build Orders: Reaper Expand 

Get SALT Encoding   

  12  0:00  SCV  
  13  0:12  SCV  
  14  0:17  Supply Depot  
  14  0:25  SCV  
  15  0:39  SCV  
  15  0:41  Barracks  
  16  0:43  Refinery  
  16  0:51  SCV  
  17  1:03  SCV  
  18  1:16  SCV  
  19  1:29  Reaper, Orbital Command  
  20  1:40  Command Center  
  20  1:49  Supply Depot  
  20  1:55  SCV  
  21  2:02  Marine  
  21  2:07  Factory, SCV  
  23  2:15  Refinery  
  23  2:23  Marine  
  23  2:24  SCV  
  25  2:42  Bunker  
  24  2:45  Marine, SCV  
  26  2:53  Hellion, Starport, Orbital Command  
  26  2:57  SCV  
  29  3:03  Marine  
  30  3:09  SCV  
  31  3:16  Engineering Bay  
  31  3:21  Widow Mine, Marine  
  31  3:37  Medivac  
  31  3:39  Barracks  
  31  3:40  SCV  
  33  3:42  Barracks  
  33  3:48  SCV  
  34  3:49  Marine  
  35  3:59  Missile Turret  
  35  4:03  SCV x2  
  35  4:07  Factory Tech Lab  
  35  4:08  Barracks Tech Lab  
  37  4:16  SCV x2  
  39  4:20  Supply Depot  
  39  4:25  Missile Turret  
  39  4:28  SCV x2  
  39  4:29  Barracks Reactor x2, Marine  
  39  4:30  Combat Shields  
  42  4:39  Siege Tank  
  42  4:43  SCV x2  
  47  4:46  Medivac  
  49  4:58  SCV x2  
  51  5:02  Supply Depot  
  47  5:17  Marine x3  
  47  5:18  Marine x2  
  52  5:21  SCV x2  
  52  5:22  Missile Turret  
  52  5:24  Siege Tank  
  52  5:25  Supply Depot  
  52  5:26  Supply Depot  
  57  5:34  SCV x2  
  59  5:35  Refinery  
  59  5:37  Medivac  
  61  5:52  Marine x4  
  61  6:02  SCV  
  62  6:04  Marine  
  62  6:06  SCV  
  62  6:10  Marine  
  65  6:13  Siege Tank, Marine x2, Medivac  
  65  6:18  Supply Depot  
  72  6:19  Supply Depot  
  72  6:20  Marine  
  72  6:22  Marine  
  74  6:33  SCV x2  
  74  6:34  Marine  
  74  6:35  Marine  
  74  6:39  Marine x2, Supply Depot  
  80  6:46  Supply Depot  
  80  6:50  SCV x2  
  80  6:52  Supply Depot  
  81  7:02  SCV  
  81  7:03  SCV  
  81  7:06  Marine x3  
Tags
 
Add a new tag
Caveats
  • Supply blocks, unpowered buildings, or Contaminate may cause inaccurate times.
  • Supply counts are checked every 10 seconds.